 Dungeon Crawl Stone Soup version 0.31-a0-819-gf6de2f5ab6 (webtiles) character file.

Game seed: 15712991919641234243

11962 TheScarfBastard the Slicer (level 11, -7/97 HPs)
             Began as a Pale Draconian Berserker on Sept 24, 2023.
             Was an Elder of Trog.
             Mangled by a troll (9 damage)
             ... on level 12 of the Dungeon.
             The game lasted 00:33:48 (11348 turns).

TheScarfBastard the Slicer (DrBe)                  Turns: 11348, Time: 00:33:50

Health: -7/97      AC:  9    Str: 25    XL:     11   Next: 56%
Magic:  11/11      EV: 23    Int:  8    God:    Trog [****..]
Gold:   768        SH:  0    Dex: 19    Spells: 10/10 levels left

rFire   . . .        x - +2 hand axe (heavy)
rCold   . . .        (no shield)
rNeg    . . .        (body armour unavailable)
rPois   .            (helmet restricted)
rElec   .            c - +1 cloak
rCorr   .            (no gloves)
SInv    .            (no boots)
Will    +....        (no amulet)
Stlth   +++          i - ring "Jocsao Lizu" {Will+ EV+5 Str+4}
HPRegen 0.36/turn    l - +6 ring of dexterity
MPRegen 0.12/turn

%: no passive effects
@: short of breath, on berserk cooldown, slowed, very slow
A: breathe steam, AC +7, unfitting armour, cold-blooded, steam resistance
a: Breathe Steam, Renounce Religion, Berserk, Trog's Hand, Brothers in Arms


You were on level 12 of the Dungeon.
You worshipped Trog.
Trog was greatly pleased with you.
You visited 3 branches of the dungeon, and saw 14 of its levels.

You collected 768 gold pieces.

Inventory:

Hand Weapons
 a - a +1 falchion
 b - a +1 hand axe of electrocution
 d - a +1 short sword of venom
 r - a +3 trident of draining
 t - a +0 war axe of distortion
 x - a +2 heavy hand axe (weapon)
 z - a +2 flail of holy wrath
 C - the +1 whip of Lach {antimagic, rElec Str+3 Int+2}
   (You found it on level 8 of the Dungeon)

   Str+3:     It affects your strength (+3).
   Int+2:     It affects your intelligence (+2).
   rElec:     It insulates you from electricity.
Armour
 c - a +1 cloak (worn)
 n - a scarf of invisibility
 s - an orb of guile
Jewellery
 i - the ring "Jocsao Lizu" (left hand) {Will+ EV+5 Str+4}
   (You found it on level 2 of the Dungeon)

   [ring of evasion]

   EV+5:      It affects your evasion (+5).
   Str+4:     It affects your strength (+4).
   Will+:     It increases your willpower.
 k - a ring of protection from cold
 l - a +6 ring of dexterity (right hand)
 y - a ring of magical power
 J - a +4 ring of protection
Talismans
 o - a blade talisman
Wands
 p - a wand of paralysis (23)
 w - a wand of mindburst (36)
 H - a wand of roots (6)
 I - a wand of quicksilver (4)
 K - a wand of flame (14)
Scrolls
 h - 2 scrolls of teleportation
 q - a scroll of amnesia
 B - a scroll of fog
 D - a scroll of vulnerability
 E - a scroll of poison
 G - 2 scrolls of immolation {unknown}
 L - a scroll of torment {unknown}
Potions
 f - 5 potions of enlightenment
 g - a potion of mutation {unknown}
 j - a potion of curing {unknown}
 m - a potion of cancellation {unknown}
 u - a potion of invisibility
 v - 2 potions of attraction
 A - a potion of brilliance {unknown}
 F - 7 potions of degeneration


   Skills:
 + Level 9.5 Fighting
 + Level 10.0(10.4) Short Blades
 + Level 4.3(7.7) Long Blades
 + Level 6.7 Axes
 + Level 9.5 Dodging
 + Level 5.3 Stealth


You had 10 spell levels left.
You didn't know any spells.
Your spell library was empty.

Dungeon Overview and Level Annotations

Branches:
Dungeon (12/15)            Temple (1/1) D:6             Orc (1/2) D:11
   Lair: D:8-11

Altars:
Ashenzari
Cheibriados
Dithmenos
Elyvilon
Fedhas
Gozag
Hepliaklqana
Kikubaaqudgha
Makhleb
Nemelex Xobeh
Okawaru
Qazlal
Ru
Sif Muna
Trog
Uskayaw
Vehumet
Wu Jian
Xom
Yredelemnul
Zin
The Shining One
Jiyva

Shops:
D:4 (   D:8 *


Innate Abilities, Weirdness & Mutations

You can breathe blasts of scalding, opaque steam.
Your pale cyan-grey scales are hard. (AC +7)
You cannot fit into any form of body armour.
You are cold-blooded and may be slowed by cold attacks.
You are immune to the effects of steam.


Message History

There is a stone staircase leading down here.
You climb downwards.
There is a stone staircase leading up here.
A troll comes into view.
The troll shouts!
Found a leather armour.
Found a stone staircase leading down.
The troll bites you but does no damage. The troll claws you!
The troll misses you.
The troll barely misses you. x2; The troll claws you!
* * * LOW HITPOINT WARNING * * *
The troll closely misses you. The troll misses you. x2
You hit the troll but do no damage. The troll misses you.
The troll closely misses you. x3; The troll barely misses you.
The troll completely misses you. x4
You completely miss the troll. The troll bites you!
* * * LOW HITPOINT WARNING * * *
The troll completely misses you. The troll misses you. x2
The troll closely misses you. The troll completely misses you.
You slash the troll!
The troll is moderately wounded.
The troll completely misses you. The troll claws you but does no damage.
The troll claws you.
* * * LOW HITPOINT WARNING * * *
The troll completely misses you. x2; The troll claws you.
* * * LOW HITPOINT WARNING * * *
Aiming: Breathe Steam (1% risk of failure)
Press: ? - help, Shift-Dir - straight line, f - troll
Aim: a troll (lightly wounded, 74% to hit)
You exhale a blast of scalding steam.
The ball of steam hits the troll!
The troll is moderately wounded.
The troll is engulfed in a cloud of scalding steam.
The troll barely misses you. The troll misses you.
The troll completely misses you.
The troll is engulfed in a cloud of scalding steam.
The troll bites you.
* * * LOW HITPOINT WARNING * * *
The troll misses you. The troll claws you!
* * * LOW HITPOINT WARNING * * *
The troll is engulfed in a cloud of scalding steam.
The troll bites you!
You die...

.. #... #.
#... #.##
+... ..#
#... #.#
#... #<#
#... #.##
##.. #..#
#...
###@#######
#.#.
#...T§.....
. #
..........
#..........
......)...#
#..........
..........#
#..........
..........#
#..........
..........#
#..........
..........+
...>..[....
.Y........#
##..........


You could see a troll.

Vanquished Creatures
  A boulder beetle (D:11)
  4 two-headed ogres
  An orc high priest (Orc:1)
  Pikel (D:4)
  A cyclops (D:11)
  Joseph (D:7)
  Jeremiah (D:6)
  An unseen horror (D:10)
  A komodo dragon (D:11)
  A troll (D:10)
  Sigmund (D:3)
  A wraith (D:10)
  A shadow (D:11)
  A wyvern (D:7)
  11 yaks (D:10)
  A steam dragon (D:8)
  3 acid dragons
  A water moccasin (D:6)
  3 ice beasts (D:6)
  4 orc warriors
  4 sky beasts
  A swamp drake (D:11)
  2 black bears
  4 ogres
  A centaur (D:9)
  A lemure (D:4)
  A phantom (D:4)
  2 kobold brigands
  A bullfrog (D:7)
  A gnoll sergeant (D:6)
  2 scorpions
  3 killer bees (D:8)
  2 howler monkeys
  7 hounds
  Crazy Yiuf (D:3)
  A jelly (D:7)
  13 orc priests
  2 iguanas
  2 sleepcaps
  Natasha (twice) (D:2)
  9 orc wizards
  Robin (D:3)
  6 gnolls
  6 adders
  An ufetubus (D:5)
  A dart slug (D:5)
  2 worms (D:2)
  55 orcs
  3 bats
  5 endoplasms
  4 giant cockroaches
  14 goblins
  10 hobgoblins
  2 jackals (D:2)
  10 kobolds
  2 quokkas
  9 ball pythons
  8 rats
  A spectral orc (D:9)
242 creatures vanquished.

Notes
Turn   | Place    | Note
-------+----------+-------------------------------------------
     0 | D:1      | TheScarfBastard the Draconian Berserker began the quest for
                  | the Orb.
     0 | D:1      | Reached XP level 1. HP: 19/19 MP: 1/1
   131 | D:1      | Reached XP level 2. HP: 22/26 MP: 2/2
   232 | D:1      | Found a faded altar of an unknown god.
   556 | D:2      | Reached XP level 3. HP: 33/33 MP: 3/3
   800 | D:2      | Reached ** piety under Trog
   895 | D:2      | Identified the ring "Jocsao Lizu" {Will+ EV+5 Str+4}
  1123 | D:2      | Noticed Natasha
  1131 | D:2      | Killed Natasha
  1132 | D:2      | Reached XP level 4. HP: 40/40 MP: 4/4
  1148 | D:2      | Reached skill level 1 in Short Blades
  1354 | D:2      | Noticed Natasha
  1363 | D:2      | Killed Natasha
  1520 | D:2      | Identified the +1 leather armour of Vehumet's Pride {Harm
                  | rPois}
  1544 | D:3      | Reached XP level 5. HP: 42/46 MP: 5/5
  1546 | D:3      | Noticed Robin
  1564 | D:3      | Killed Robin
  1585 | D:3      | Reached skill level 2 in Short Blades
  1689 | D:3      | Noticed Sigmund
  1706 | D:3      | Killed Sigmund
  1707 | D:3      | Reached skill level 3 in Short Blades
  1707 | D:3      | Reached skill level 1 in Stealth
  1707 | D:3      | Reached XP level 6. HP: 53/53 MP: 6/6
  1859 | D:3      | Found a sacrificial altar of Ru.
  1948 | D:3      | Found an iron altar of Okawaru.
  2064 | D:3      | Found a runed translucent door.
  2065 | D:3      | Noticed Crazy Yiuf
  2076 | D:3      | Killed Crazy Yiuf
  2214 | D:4      | Found Orihair's Antique Weapon Shop.
  2262 | D:4      | Reached *** piety under Trog
  2574 | D:4      | Noticed Pikel
  2576 | D:4      | Found a stormy altar of Qazlal.
  2580 | D:4      | Noticed an air elemental
  2593 | D:4      | Killed Pikel
  2594 | D:4      | Reached skill level 5 in Fighting
  2594 | D:4      | Reached skill level 5 in Short Blades
  2594 | D:4      | Reached skill level 5 in Dodging
  2594 | D:4      | Your scales start taking on a pale cyan-grey colour.
  2594 | D:4      | Reached XP level 7. HP: 23/61 MP: 7/7
  2594 | D:4      | Gained mutation: You are immune to the effects of steam.
                  | [Pale Draconian growth]
  2600 | D:4      | Noticed a water elemental
  2600 | D:4      | Noticed a fire elemental
  3043 | D:4      | Reached XP level 8. HP: 40/69 MP: 8/8
  3648 | D:5      | Entered Level 5 of the Dungeon
  3701 | D:5      | Reached skill level 6 in Short Blades
  4156 | D:5      | Found a shadowy altar of Dithmenos.
  4315 | D:6      | Reached skill level 7 in Short Blades
  4544 | D:6      | Reached XP level 9. HP: 66/77 MP: 9/9
  4631 | D:6      | Noticed Jeremiah
  4654 | D:6      | Reached **** piety under Trog
  4669 | D:6      | Paralysed by Jeremiah for 2 turns
  4678 | D:6      | Killed Jeremiah
  4935 | D:6      | Found a staircase to the Ecumenical Temple.
  4960 | Temple   | Entered the Ecumenical Temple
  5046 | D:6      | Reached skill level 8 in Short Blades
  5768 | D:7      | Noticed Joseph
  5799 | D:7      | Killed Joseph
  6120 | D:7      | Found a glowing golden altar of the Shining One.
  6129 | D:7      | Reached skill level 9 in Short Blades
  6354 | D:7      | Reached XP level 10. HP: 78/86 MP: 10/10
  6841 | D:8      | Noticed a two-headed ogre
  6848 | D:8      | Killed a two-headed ogre
  6849 | D:8      | Reached skill level 1 in Axes
  7065 | D:8      | Noticed a two-headed ogre
  7075 | D:8      | Killed a two-headed ogre
  7268 | D:8      | Found an opulent altar of Gozag.
  7268 | D:8      | Found Gozag's Platinum Reserve.
  7304 | D:8      | Identified the +1 whip of Lach {antimagic, rElec Str+3
                  | Int+2}
  7872 | D:9      | Found a white marble altar of Elyvilon.
  8287 | D:9      | Found a basalt altar of Yredelemnul.
  8507 | D:9      | Noticed a two-headed ogre
  8517 | D:9      | Killed a two-headed ogre
  8731 | D:10     | Entered Level 10 of the Dungeon
  8834 | D:10     | Found an ornate altar of the Wu Jian Council.
  9000 | D:10     | Reached skill level 5 in Stealth
  9009 | D:10     | Reached skill level 10 in Short Blades
  9026 | D:10     | Found a burning altar of Makhleb.
  9035 | D:10     | Reached XP level 11. HP: 80/95 MP: 11/11
  9324 | D:10     | Found a shimmering blue altar of Sif Muna.
  9693 | D:10     | Reached skill level 5 in Axes
 10111 | D:11     | Found a staircase to the Orcish Mines.
 10337 | Orc:1    | Entered Level 1 of the Orcish Mines
 10359 | Orc:1    | Noticed an orc high priest
 10370 | Orc:1    | Killed an orc high priest
 10899 | D:12     | Noticed a two-headed ogre
 10899 | D:12     | Noticed a catoblepas
 10914 | D:12     | Killed a two-headed ogre
 11033 | D:12     | HP: 2/97 [orc priest/divine providence (9)]
 11034 | D:12     | Noticed a white ugly thing
 11305 | D:11     | Noticed a boulder beetle
 11325 | D:11     | Killed a boulder beetle
 11348 | D:12     | HP: 2/97 [troll (10)]
 11348 | D:12     | Mangled by a troll

Illustrated notes

Levels and vault maps discovered:
D:1:      tekkud_arrival_beachfront_property, layout_rooms,
          chequers_ecumenical_altar_twisty
D:2:      layout_loops_corners, eino_curves_03, uniq_natasha
D:3:      layout_rooms, lemuel_doored_altar, nicolae_ru_path_of_blood,
          uniq_robin, uniq_crazy_yiuf_cottage, uniq_sigmund
D:4:      layout_layer_cave, nicolae_qazlal_style_of_elements, serial_shops,
          nicolae_shop_window_shopping, uniq_pikel
D:5:      layout_rooms, mainiacjoe_overflow_alcove_1
D:6:      minmay_chambers_of_fours, layout_loops_ring, temple_fountains,
          st_stairs_11, uniq_jeremiah
D:7:      layout_basic, mainiacjoe_overflow_surrounded_room,
          chequers_serial_rivers_room_b, uniq_joseph
D:8:      layout_basic, nicolae_gozag_zags_fifth_avenue
D:9:      layout_basic, elyvilon_altar_1, yredelemnul_forgotten_temple_becter
D:10:     layout_loops_corners, kennysheep_mini, mainiacjoe_overflow_chevrons,
          mainiacjoe_overflow_six_doors_small, minmay_misc_feat_room
D:11:     layout_gridville, erik_lair_dragon, erik_orc_1, minmay_orc_keep
D:12:     layout_roguey, nicolae_uskayaw_murder_on_the_dancefloor
Temple:   pf_slime_end_temple
Orc:1:    layout_caves, minmay_orc_temple_a, uniq_fannar

Skill      XL: |  1  2  3  4  5  6  7  8  9 10 11 |
---------------+----------------------------------+-----
Dodging        | 3 5 6 7 8 9 |  9.5
Long Blades    | 4 |  4.3
Fighting       | 4 5 6 7 8 9 |  9.5
Short Blades   | 1 3 5 7 9 10 | 10.0
Stealth        | 1 2 3 5 |  5.3
Axes           | 4 6 |  6.7

Action                     |  1- 3 |  4- 6 |  7- 9 | 10-12 || total
---------------------------+-------+-------+-------+-------++-------
  Melee: Falchion          |    37 |       |       |       ||    37
         Tailslap          |    12 |     7 |    53 |    35 ||   107
         Short sword       |    49 |   160 |   304 |       ||   513
         Punch             |     1 |     1 |     4 |     1 ||     7
         Hand axe          |       |       |     5 |   205 ||   210
 Invoke: Berserk           |       |     3 |     5 |    12 ||    20
Ability: Breathe Steam     |       |       |     8 |    13 ||    21
    Use: Scroll            |     5 |     2 |     6 |     7 ||    20
         Potion            |       |       |     3 |     2 ||     5
   Stab: Sleeping          |       |     1 |     2 |     1 ||     4
 Armour: Skin              |    43 |    87 |    88 |   179 ||   397
  Dodge: Dodged            |    60 |   185 |   200 |   332 ||   777

Table legend: (Time is in decaauts)
 A = Elapsed time spent in this place.
 B = Non-inter-level travel time spent in this place.
 C = Inter-level travel time spent in this place.
 D = Time resting spent in this place.
 E = Time spent auto-exploring this place.
 F = Levels seen in this place.
 G = Mean time per level.
                   A        B        C        D        E       F      G
               +--------+--------+--------+--------+--------+-----+--------+
         Total |  11541 |  11246 |    295 |      0 |   8402 |  14 |  824.4 |
       Dungeon |  11384 |  11156 |    228 |      0 |   8402 |  12 |  948.7 |
        Temple |     71 |      4 |     67 |      0 |      0 |   1 |   71.0 |
  Orcish Mines |     85 |     85 |      0 |      0 |      0 |   1 |   85.0 |
               +--------+--------+--------+--------+--------+-----+--------+

Top non-repeatable levels by time:
     D:6: 1464 daAuts
     D:4: 1422 daAuts
    D:10: 1343 daAuts
     D:7: 1076 daAuts
     D:8: 995 daAuts
     D:9: 980 daAuts
     D:2: 972 daAuts
    D:11: 924 daAuts
     D:3: 676 daAuts
     D:5: 551 daAuts
     D:1: 549 daAuts
    D:12: 428 daAuts
   Orc:1: 85 daAuts
  Temple: 71 daAuts
